 Dungeon Crawl Stone Soup version 0.31-a0-263-ge8cad7f256 (webtiles) character file.

Game seed: 10410039042297295045

345 qw the Shooter (level 6, -6/52 HPs)
             Began as a Minotaur Hexslinger on July 13, 2023.
             Was an Initiate of Okawaru.
             Mangled by an ogre
             ... wielding a +0 giant club
              (24 damage)
             ... on level 4 of the Dungeon.
             The game lasted 00:01:35 (3746 turns).

qw the Shooter (Minotaur Hexslinger)                Turns: 3746, Time: 00:01:35

Health: -6/52      AC: 12    Str: 13    XL:     6   Next: 32%
Magic:  6/6        EV: 11    Int: 10    God:    Okawaru [......]
Gold:   94         SH:  0    Dex: 14    Spells: 6/7 levels left

rFire   . . .        Y - +1 sling
rCold   . . .        (no shield)
rNeg    . . .        f - +0 ring mail
rPois   .            (helmet restricted)
rElec   .            c - +0 cloak
rCorr   .            (no gloves)
SInv    .            d - +1 pair of boots
Will    .....        (no amulet)
Stlth   +            e - +4 ring of protection
HPRegen 0.28/turn    (no ring)
MPRegen 0.10/turn

%: no passive effects
@: no status effects
A: horns 2, retaliatory headbutt
a: Renounce Religion


You were on level 4 of the Dungeon.
You worshipped Okawaru.
Okawaru was noncommittal.
You visited 2 branches of the dungeon, and saw 5 of its levels.

You collected 307 gold pieces.
You spent 213 gold pieces at shops.


Innate Abilities, Weirdness & Mutations

You have a pair of horns on your head.
You reflexively headbutt those who attack you in melee.


   Skills:
 - Level 4.2 Fighting
 + Level 6.2 Ranged Weapons
 - Level 1.0 Armour
 - Level 2.1 Dodging
 - Level 1.0 Spellcasting
 - Level 2.0 Hexes


You had 6 spell levels left.
You knew the following spells:

 Your Spells              Type           Power      Damage    Failure   Level
a - Slow                  Hex            16%        N/A       32%         1

Your spell library contained the following spells:

 Spells                   Type           Power      Damage    Failure   Level
 Inner Flame              Hex/Fire       2%         N/A       82%         3
 Portal Projectile        Hex/Tloc       4%         N/A       82%         3
 Cause Fear               Hex            2%         N/A       97%         4

Inventory:

Hand Weapons
 Y - a +1 sling (weapon)
Armour
 c - a +0 cloak (worn)
 d - a +1 pair of boots (worn)
 f - a +0 ring mail (worn)
Jewellery
 e - a +4 ring of protection (left hand)
Scrolls
 a - 3 scrolls of identify
 g - a scroll of teleportation {unknown}
Potions
 b - a potion of mutation {unknown}
 h - a potion of heal wounds
 i - 5 potions of curing
 k - a potion of might {unknown}

Dungeon Overview and Level Annotations

Branches:
Dungeon (4/15)             Temple (1/1) D:4

Altars:
Dithmenos
Fedhas
Gozag
Hepliaklqana
Makhleb
Nemelex Xobeh
Okawaru
Qazlal
Ru
Trog
Wu Jian
Xom
Yredelemnul
The Shining One

Shops:
D:2 [*   D:4 ?


Message History

Enter note:
Enter note:
Enter note:
Enter note:
Enter note:
Enter note:
Enter note:
Enter note:
Enter note:
Enter note:
Enter note:
Enter note:
Enter note:
Enter note:
Enter note:
Enter note:
Enter note: You shoot a sling bullet.
The sling bullet completely misses the ogre.
You shoot a sling bullet.
The sling bullet hits the ogre but does no damage.
The ogre hits you with a +0 giant club!
You shoot a sling bullet. The sling bullet hits the ogre.
The ogre is lightly wounded.
The ogre hits you with a +0 giant club.
You shoot a sling bullet. The sling bullet hits the ogre!
The ogre is heavily wounded.
The ogre hits you with a +0 giant club!
You shoot a sling bullet. The sling bullet hits the ogre.
The ogre is severely wounded.
The ogre hits you with a +0 giant club!
You shoot a sling bullet. The sling bullet hits the ogre.
The ogre is severely wounded.
You shoot a sling bullet.
The sling bullet closely misses the ogre.
The ogre barely misses you.
You shoot a sling bullet.
The sling bullet closely misses the ogre.
The ogre hits you with a +0 giant club!!
You die...

....'....#.....+..).........#....
....#....#.....#............+....
....#....#.....#............#....
....##...#.....###+###......##...
....####'##.....#..###......##...
.....#....#.....#...#.......##...
.....#....#.....#...#.......##...
.....#....#.....#...#............
.....#....#.....@...#............
.....#....#.>...#O..#..#######...
.....#....#.....#...#..# ####
....##....#.....#...#..# #...
....##...##.....#+####.# #...
.)..##'###......# #. #...
.........#......# #...
.........#......# #...
....##...#......# #...


You could see an ogre.

Vanquished Creatures
  A phantom (D:3)
  An orc priest (D:4)
  A sleepcap (D:4)
  An iguana (D:4)
  8 adders
  A white imp (D:4)
  A worm (D:2)
  2 dart slugs
  8 orcs
  8 ball pythons
  6 bats
  15 endoplasms
  6 goblins
  8 hobgoblins
  9 kobolds
  5 quokkas
  3 frilled lizards
  4 rats
88 creatures vanquished.

Notes
Turn   | Place    | Note
-------+----------+-------------------------------------------
     0 | D:1      | qw the Minotaur Hexslinger began the quest for the Orb.
     0 | D:1      | Reached XP level 1. HP: 16/16 MP: 1/1
     0 | D:1      | 0 ||| qw: Version: 0.3-a-52-g30416fa
     0 | D:1      | 0 ||| qw: Game counter: 7125
     0 | D:1      | 0 ||| qw: Melee chars always use a shield: true
     0 | D:1      | 0 ||| qw: God list: Okawaru
     0 | D:1      | 0 ||| qw: Allow faded altars: false
     0 | D:1      | 0 ||| qw: Do Orc after clearing Dungeon:15 true
     0 | D:1      | 0 ||| qw: Do second Lair branch before Depths: true
     0 | D:1      | 0 ||| qw: Lair rune preference: random
     0 | D:1      | 0 ||| qw: Goals: Normal
     0 | D:1      | 0 ||| PLANNING D:1-11
   195 | D:1      | Reached skill level 3 in Ranged Weapons
   195 | D:1      | Reached XP level 2. HP: 23/23 MP: 2/2
   670 | D:1      | 670 ||| UPGRADING to +0 ring mail.
   680 | D:1      | 680 ||| DROPPING +0 robe.
   681 | D:1      | 681 ||| UPGRADING to +4 ring of protection.
   682 | D:1      | 682 ||| READING 3 scrolls labelled GAASAV DOTEMUU.
   683 | D:1      | 683 ||| READING scroll labelled BIMEONNA RIUFF.
   684 | D:1      | 684 ||| READING scroll labelled BUYN XAKHLYK.
   685 | D:1      | 685 ||| READING 2 scrolls of identify.
   685 | D:1      | 685 ||| IDENTIFYING sedimented puce potion
   686 | D:1      | 686 ||| DROPPING scroll of poison.
   762 | D:2      | Reached XP level 3. HP: 29/29 MP: 3/3
   787 | D:2      | Found Ozephugi's General Store.
   792 | D:2      | 792 ||| SHOPLISTING +2 cloak of willpower (279 gold, have
                  | 61).
   792 | D:2      | 792 ||| SHOPLISTING ring of positive energy (260 gold, have
                  | 61).
   792 | D:2      | 792 ||| BUYING scroll of identify (26 gold).
   792 | D:2      | Bought a scroll of identify for 26 gold pieces
   963 | D:2      | Reached skill level 4 in Ranged Weapons
  1016 | D:2      | Found Jeibb's Armour Shop.
  1024 | D:2      | 1024 ||| BUYING +0 pair of boots (49 gold).
  1024 | D:2      | Bought a +0 pair of boots for 49 gold pieces
  1024 | D:2      | 1024 ||| SHOPLISTING +1 pair of gloves (126 gold, have 60).
  1155 | D:2      | Reached skill level 1 in Armour
  1233 | D:2      | Reached XP level 4. HP: 36/36 MP: 4/4
  1703 | D:2      | 1703 ||| UPGRADING to +0 pair of boots.
  1708 | D:2      | 1708 ||| READING scroll labelled POMOKH MAPNU.
  1709 | D:2      | 1709 ||| READING 4 scrolls labelled COPSETE KIVEO.
  1710 | D:2      | 1710 ||| READING 3 scrolls of identify.
  1710 | D:2      | 1710 ||| IDENTIFYING fizzy yellow potion
  1711 | D:2      | 1711 ||| READING 2 scrolls of identify.
  1711 | D:2      | 1711 ||| IDENTIFYING golden potion
  1712 | D:2      | 1712 ||| DROPPING 3 scrolls of revelation.
  1713 | D:2      | 1713 ||| DROPPING potion of lignification.
  1803 | D:3      | Found a faded altar of an unknown god.
  1874 | D:3      | Noticed a phantom
  1899 | D:3      | Killed a phantom
  1900 | D:3      | Reached skill level 5 in Ranged Weapons
  1900 | D:3      | Reached XP level 5. HP: 22/41 MP: 5/5
  2544 | D:3      | 2544 ||| DROPPING scarf of harm.
  2545 | D:3      | 2545 ||| DROPPING ring of wizardry.
  2546 | D:3      | 2546 ||| READING scroll labelled PIQI ETTIPNAXUQAU.
  2547 | D:3      | 2547 ||| READING 2 scrolls of identify.
  2547 | D:3      | 2547 ||| IDENTIFYING bubbling brown potion
  2548 | D:3      | 2548 ||| DROPPING potion of berserk rage.
  2585 | D:4      | Reached skill level 3 in Fighting
  2673 | D:4      | 2673 ||| FLEEEEING.
  2674 | D:4      | 2674 ||| FLEEEEING.
  2747 | D:4      | Found a staircase to the Ecumenical Temple.
  2748 | D:4      | 2748 ||| PLANNING TEMPLE
  2765 | D:4      | Reached skill level 6 in Ranged Weapons
  2869 | D:4      | Reached XP level 6. HP: 40/51 MP: 6/6
  3090 | D:4      | 3090 ||| UPGRADING to +0 cloak.
  3122 | Temple   | Entered the Ecumenical Temple
  3177 | Temple   | 3177 ||| PLANNING OKAWARU WORSHIP
  3330 | Temple   | Became a worshipper of Warmaster Okawaru
  3331 | Temple   | 3331 ||| PLANNING D:1-11
  3524 | D:4      | Found Xaxzoih's Magic Scroll Boutique.
  3653 | D:4      | 3653 ||| BUYING scroll of enchant armour (90 gold).
  3653 | D:4      | Bought a scroll of enchant armour for 90 gold pieces
  3653 | D:4      | 3653 ||| BUYING scroll of identify (24 gold).
  3653 | D:4      | Bought a scroll of identify for 24 gold pieces
  3653 | D:4      | 3653 ||| BUYING scroll of identify (24 gold).
  3653 | D:4      | Bought a scroll of identify for 24 gold pieces
  3653 | D:4      | 3653 ||| READING scroll of enchant armour.
  3653 | D:4      | 3653 ||| ENCHANTING +0 pair of boots.
  3746 | D:4      | Mangled by an ogre

Levels and vault maps discovered:
D:1:      dpeg_arrival_round_a, layout_basic, nrook_mini_backslash,
          kennysheep_boxes
D:2:      layout_loops_corners, serial_shops, shop, shop, roderic_roman_lattice,
          minmay_fractal_squares_5
D:3:      layout_basic, hellmonk_ecumenical_altar_lost_god,
          serial_park_tiny_pond, minivault_4, hex_tiny
D:4:      layout_gridville, nicolae_sif_muna_little_library, temple_pool_b,
          serial_shops, nicolae_shop_window_shopping,
          chequers_serial_rivers_micro_c, hangedman_abyss_or_decor_stabs
Temple:   eino_temple_water

Skill      XL: |  1  2  3  4  5  6 |
---------------+-------------------+-----
Ranged Weapons | 3 4 5 6 |  6.2
Fighting       | 2 3 4 |  4.2
Armour         | 1 |  1.0
Dodging        | |  2.1
Spellcasting   | |  1.0
Hexes          | |  2.0

Action                     |  1- 3 |  4- 6 || total
---------------------------+-------+-------++-------
   Fire: Sling             |   116 |   223 ||   339
    Use: Scroll            |     4 |     7 ||    11
 Armour: Robe              |     2 |       ||     2
         Ring mail         |     9 |    47 ||    56
  Dodge: Dodged            |    45 |    80 ||   125

Table legend:
 A = Non-vault XP
 B = Vault XP
 C = Vault XP percentage of total XP
 D = Non-vault monster count
 E = Vault monster count
 F = Vault count percentage of total count
                 A         B        C        D         E       F
            +---------+---------+-------+---------+---------+-------
      Total |     486 |       8 |   1.6 |      84 |       4 |   4.5
            +---------+---------+-------+---------+---------+-------
        D:1 |      40 |       0 |   0.0 |      20 |       0 |   0.0
        D:2 |      76 |       8 |   9.5 |      20 |       4 |  16.7
        D:3 |     169 |       0 |   0.0 |      21 |       0 |   0.0
        D:4 |     201 |       0 |   0.0 |      23 |       0 |   0.0
            +---------+---------+-------+---------+---------+-------
